General information
- name: BNet
- type: Ladder team game (AT/RT)
- host: Battle.net
- saver: t(=-=t)
map: DragonFalls
- players: 8
- length: 38:33
- speed: Fast
- version: 1.28 W3XP
- replay type: Public
» download(351 KB)
Players
team 1 (winner)

»
whereisthelove (
yellow | 101 APM | 3157 actions | 31:17)
6 Death Knight
3 Death Coil
3 Unholy Aura
6 Lich
3 Frost Nova
2 Frost Armor
1 Death and Decay
» actions
| Assign group hotkey | 41 | |
| Basic commands | 103 | |
| Build / train | 83 | |
| ESC pressed | 3 | |
| Enter build submenu | 28 | |
| Enter hero's abilities submenu | 12 | |
| Give item / drop item | 5 | |
| Right click | 1727 | |
| Select / deselect | 339 | |
| Select group hotkey | 653 | |
| Use ability | 163 | |
3157 total
» units
| Acolyte | 5 | |
| Ghoul | 3 | |
| Crypt Fiend | 13 | |
| Frost Wyrm | 3 | |
24 total
» upgrades
| Creature Attack | 2 | |
| Burrow | 1 | |
| Web | 1 | |
| Freezing Breath | 1 | |
| Creature Carapace | 1 | |
6 total
» buildings
| Graveyard | 1 | |
| Crypt | 1 | |
| Altar of Darkness | 1 | |
| Ziggurat | 12 | |
| Tomb of Relics | 1 | |
| Nerubian Tower | 3 | |
| Halls of the Dead | 3 | |
| Black Citadel | 3 | |
| Sacrificial Pit | 1 | |
| Boneyard | 2 | |
| Spirit Tower | 2 | |
30 total
» build order
00:11 Graveyard
00:19 Crypt
00:38 Altar of Darkness
00:50 Ziggurat
01:44 Tomb of Relics
02:06 Ziggurat
02:33 Nerubian Tower
02:33 Nerubian Tower
02:33 Nerubian Tower
04:23 Halls of the Dead
04:23 Halls of the Dead
04:23 Halls of the Dead
05:05 Ziggurat
05:37 Ziggurat
07:53 Black Citadel
07:53 Black Citadel
07:53 Black Citadel
09:30 Sacrificial Pit
09:31 Ziggurat
12:23 Boneyard
12:25 Boneyard
15:48 Ziggurat
15:51 Ziggurat
15:54 Spirit Tower
17:06 Spirit Tower
17:10 Ziggurat
18:49 Ziggurat
18:50 Ziggurat
21:58 Ziggurat
22:00 Ziggurat
» items
| Rod of Necromancy | 4 | |
| Scroll of Regeneration | 6 | |
| Lesser Clarity Potion | 4 | |
| Potion of Healing | 4 | |
| Orb of Corruption | 2 | |
| Scroll of Healing | 1 | |
| Scroll of Town Portal | 3 | |
| Potion of Lesser Invulnerability | 1 | |
| Staff of Sanctuary | 1 | |
26 total
t(=-=t) (
red | 63 APM | 2445 actions | 38:33)
9 Archmage
3 Summon Water Elemental
3 Brilliance Aura
1 Mass Teleport
2 Blizzard
» actions
| Assign group hotkey | 142 | |
| Basic commands | 213 | |
| Build / train | 117 | |
| Enter build submenu | 48 | |
| Enter hero's abilities submenu | 10 | |
| Give item / drop item | 4 | |
| Remove unit from queue | 1 | |
| Right click | 844 | |
| Select / deselect | 568 | |
| Select group hotkey | 304 | |
| Use ability | 194 | |
2445 total
» units
| Peasant | 12 | |
| Footman | 5 | |
| Gryphon Rider | 11 | |
| Goblin Shredder | 1 | |
| Goblin Zeppelin | 2 | |
| Green Dragon | 5 | |
| Goblin Sapper | 7 | |
43 total
» upgrades
| Lumber Harvesting | 2 | |
| Swords | 3 | |
| Armor | 4 | |
| Storm Hammers | 1 | |
| Animal War Training | 1 | |
| Cloud | 1 | |
| Masonry | 3 | |
15 total
» buildings
| Altar of Kings | 1 | |
| Barracks | 1 | |
| Farm | 10 | |
| Lumber Mill | 1 | |
| Arcane Vault | 3 | |
| Keep | 1 | |
| Town Hall | 3 | |
| Castle | 1 | |
| Gryphon Aviary | 5 | |
| Blacksmith | 2 | |
| Scout Tower | 60 | |
| Arcane Tower | 3 | |
| Guard Tower | 16 | |
107 total
» build order
00:49 Altar of Kings
00:51 Barracks
00:53 Farm
00:54 Farm
01:05 Farm
01:36 Farm
02:38 Lumber Mill
03:18 Arcane Vault
03:45 Keep
04:19 Town Hall
07:04 Castle
07:29 Gryphon Aviary
07:31 Gryphon Aviary
07:33 Gryphon Aviary
07:39 Gryphon Aviary
07:45 Gryphon Aviary
07:48 Blacksmith
07:49 Blacksmith
08:10 Scout Tower
08:16 Farm
08:19 Scout Tower
08:24 Scout Tower
09:14 Arcane Tower
09:16 Arcane Tower
14:50 Farm
14:51 Farm
14:51 Farm
14:52 Farm
14:56 Arcane Tower
14:57 Farm
21:27 Town Hall
21:43 Scout Tower
21:44 Scout Tower
21:44 Scout Tower
21:44 Scout Tower
21:53 Scout Tower
21:53 Scout Tower
21:53 Scout Tower
21:54 Scout Tower
21:55 Scout Tower
21:55 Scout Tower
21:55 Scout Tower
21:57 Scout Tower
21:58 Scout Tower
21:58 Scout Tower
21:59 Scout Tower
22:00 Scout Tower
22:04 Arcane Vault
23:24 Guard Tower
23:28 Guard Tower
23:28 Guard Tower
23:28 Guard Tower
23:29 Guard Tower
23:30 Guard Tower
24:18 Guard Tower
24:37 Town Hall
24:42 Scout Tower
24:42 Scout Tower
24:42 Scout Tower
24:43 Scout Tower
24:45 Scout Tower
24:49 Scout Tower
24:49 Scout Tower
24:50 Scout Tower
24:50 Scout Tower
25:08 Scout Tower
25:08 Scout Tower
25:08 Scout Tower
25:09 Scout Tower
25:12 Guard Tower
25:15 Arcane Vault
25:19 Scout Tower
25:19 Scout Tower
25:19 Scout Tower
25:20 Scout Tower
25:21 Scout Tower
25:21 Scout Tower
25:22 Scout Tower
25:22 Scout Tower
25:23 Scout Tower
25:23 Scout Tower
25:25 Scout Tower
25:25 Scout Tower
25:26 Scout Tower
25:27 Scout Tower
25:27 Scout Tower
25:28 Scout Tower
25:29 Scout Tower
25:29 Scout Tower
25:30 Scout Tower
25:30 Scout Tower
25:33 Scout Tower
25:34 Scout Tower
25:34 Scout Tower
25:35 Scout Tower
25:36 Scout Tower
25:37 Scout Tower
25:38 Scout Tower
25:39 Scout Tower
25:57 Guard Tower
26:08 Guard Tower
26:11 Guard Tower
26:13 Guard Tower
27:04 Guard Tower
29:16 Guard Tower
30:58 Guard Tower
31:22 Guard Tower
» items
| Scroll of Regeneration | 7 | |
| Mechanical Critter | 3 | |
| Scroll of Town Portal | 5 | |
| Staff of Sanctuary | 1 | |
| Orb of Corruption | 1 | |
| Potion of Healing | 2 | |
| Scroll of Healing | 1 | |
| Periapt of Vitality | 1 | |
| Potion of Lesser Invulnerability | 2 | |
| Anti-magic Potion | 1 | |
| Staff of Teleportation | 1 | |
25 total
Selena_Gomez (
teal | 29 APM | 1114 actions | 38:31)
3 Archmage
1 Summon Water Elemental
1 Blizzard
1 Brilliance Aura
» actions
| Assign group hotkey | 5 | |
| Basic commands | 72 | |
| Build / train | 87 | |
| ESC pressed | 4 | |
| Enter build submenu | 40 | |
| Enter hero's abilities submenu | 3 | |
| Right click | 512 | |
| Select / deselect | 323 | |
| Select group hotkey | 3 | |
| Use ability | 65 | |
1114 total
» units
| Peasant | 42 | |
| Siege Engine | 13 | |
| Flying Machine | 2 | |
| Hippogryph | 8 | |
65 total
» upgrades
| Lumber Harvesting | 1 | |
| Barrage | 1 | |
| Gunpowder | 1 | |
| Flak Cannons | 1 | |
4 total
» buildings
| Altar of Kings | 1 | |
| Farm | 8 | |
| Lumber Mill | 1 | |
| Arcane Vault | 2 | |
| Scout Tower | 16 | |
| Guard Tower | 9 | |
| Keep | 1 | |
| Blacksmith | 1 | |
| Town Hall | 3 | |
| Castle | 1 | |
| Workshop | 4 | |
| Necropolis | 1 | |
48 total
» build order
00:16 Altar of Kings
00:21 Farm
00:24 Farm
00:49 Lumber Mill
01:39 Arcane Vault
02:02 Scout Tower
03:13 Guard Tower
04:51 Keep
05:43 Blacksmith
05:49 Town Hall
06:57 Scout Tower
07:33 Scout Tower
07:37 Scout Tower
07:40 Scout Tower
07:55 Castle
08:39 Guard Tower
08:43 Scout Tower
08:54 Scout Tower
09:02 Farm
09:16 Scout Tower
09:22 Workshop
09:23 Guard Tower
09:27 Scout Tower
09:40 Guard Tower
09:44 Guard Tower
10:01 Guard Tower
10:14 Workshop
10:29 Scout Tower
11:14 Guard Tower
14:16 Farm
14:27 Farm
14:32 Farm
15:03 Farm
18:18 Arcane Vault
19:26 Town Hall
22:26 Scout Tower
23:45 Town Hall
23:51 Workshop
23:56 Workshop
24:40 Guard Tower
24:57 Scout Tower
25:00 Scout Tower
25:03 Scout Tower
25:08 Scout Tower
25:12 Scout Tower
25:24 Guard Tower
34:23 Farm
34:37 Necropolis
» items
| Scroll of Town Portal | 2 | |
| Potion of Healing | 1 | |
3 total
DIEBUDDIE (
green | 24 APM | 760 actions | 31:20)
6 Warden
3 Fan of Knives
2 Blink
1 Spirit of Vengeance
» actions
| Assign group hotkey | 6 | |
| Basic commands | 8 | |
| Build / train | 66 | |
| ESC pressed | 1 | |
| Enter build submenu | 22 | |
| Enter hero's abilities submenu | 6 | |
| Right click | 298 | |
| Select / deselect | 284 | |
| Select group hotkey | 6 | |
| Use ability | 63 | |
760 total
» units
| Wisp | 13 | |
| Archer | 8 | |
| Huntress | 3 | |
| Druid of the Claw | 11 | |
| Hippogryph | 6 | |
| Dryad | 4 | |
45 total
» upgrades
| Reinforced Hides | 3 | |
| Strength of the Wild | 1 | |
| Druid of the Claw Training | 2 | |
| Mark of the Claw | 1 | |
| Hippogryph Taming | 1 | |
8 total
» buildings
| Moon Well | 6 | |
| Altar of Elders | 1 | |
| Ancient of War | 1 | |
| Tree of Ages | 1 | |
| Hunter's Hall | 1 | |
| Ancient Protector | 3 | |
| Ancient of Lore | 2 | |
| Tree of Eternity | 1 | |
| Ancient of Wind | 1 | |
| Ancient of Wonders | 2 | |
| Tree of Life | 1 | |
20 total
» build order
00:19 Moon Well
00:36 Altar of Elders
00:53 Ancient of War
01:27 Moon Well
03:18 Tree of Ages
03:38 Hunter's Hall
06:40 Ancient Protector
07:34 Moon Well
07:41 Ancient of Lore
08:17 Moon Well
08:36 Ancient Protector
09:11 Ancient Protector
09:14 Tree of Eternity
09:22 Ancient of Wind
10:43 Moon Well
13:38 Moon Well
14:10 Ancient of Wonders
21:05 Ancient of Lore
23:36 Tree of Life
24:28 Ancient of Wonders
» items
| Scroll of Town Portal | 2 | |
| Orb of Venom | 1 | |
3 total
team 2 (loser)
KingOf4sRT (
blue | 118 APM | 2324 actions | 19:44)
4 Keeper of the Grove
2 Entangling Roots
2 Thorns Aura
3 Archmage
2 Brilliance Aura
1 Summon Water Elemental
» actions
| Assign group hotkey | 157 | |
| Basic commands | 229 | |
| Build / train | 83 | |
| Enter build submenu | 39 | |
| Enter hero's abilities submenu | 9 | |
| Right click | 785 | |
| Select / deselect | 551 | |
| Select group hotkey | 366 | |
| Use ability | 105 | |
2324 total
» units
| Wisp | 12 | |
| Huntress | 6 | |
| Footman | 11 | |
| Glaive Thrower | 2 | |
| Rifleman | 8 | |
| Peasant | 2 | |
| Flying Machine | 6 | |
| Mortar Team | 2 | |
| Archer | 7 | |
56 total
» upgrades
| Defend | 1 | |
| Strength of the Moon | 1 | |
| Long Rifles | 1 | |
| Lumber Harvesting | 1 | |
| Improved Bows | 1 | |
5 total
» buildings
| Altar of Elders | 1 | |
| Moon Well | 6 | |
| Hunter's Hall | 2 | |
| Ancient of War | 3 | |
| Farm | 10 | |
| Scout Tower | 3 | |
| Barracks | 2 | |
| Ancient Protector | 1 | |
| Blacksmith | 1 | |
| Arcane Tower | 2 | |
| Guard Tower | 2 | |
| Keep | 1 | |
| Arcane Vault | 2 | |
| Town Hall | 1 | |
| Workshop | 2 | |
| Tree of Ages | 1 | |
| Castle | 1 | |
41 total
» build order
00:05 Altar of Elders
00:17 Moon Well
01:45 Hunter's Hall
01:46 Hunter's Hall
01:49 Ancient of War
02:08 Ancient of War
02:35 Moon Well
02:45 Moon Well
03:16 Moon Well
03:55 Farm
04:02 Scout Tower
04:04 Farm
04:06 Barracks
04:12 Ancient Protector
04:27 Farm
04:29 Scout Tower
04:34 Blacksmith
04:35 Arcane Tower
04:36 Arcane Tower
05:07 Guard Tower
05:12 Farm
05:35 Moon Well
06:19 Ancient of War
07:44 Scout Tower
07:47 Keep
07:49 Farm
08:01 Moon Well
08:11 Farm
08:25 Arcane Vault
08:57 Arcane Vault
10:07 Town Hall
10:17 Barracks
10:18 Workshop
10:19 Workshop
11:13 Farm
12:54 Farm
14:50 Tree of Ages
15:32 Guard Tower
15:38 Farm
15:38 Farm
18:30 Castle
» items
| Scroll of Healing | 1 | |
| Scroll of Protection | 2 | |
| Lesser Clarity Potion | 1 | |
| Potion of Healing | 1 | |
| Scroll of Town Portal | 1 | |
6 total
BE-NICE-OBBY (
purple | 72 APM | 2777 actions | 38:31)
10 Blademaster
3 Wind Walk
3 Critical Strike
1 Bladestorm
3 Mirror Image
» actions
| Assign group hotkey | 34 | |
| Basic commands | 46 | |
| Build / train | 86 | |
| Enter build submenu | 45 | |
| Enter hero's abilities submenu | 10 | |
| Give item / drop item | 3 | |
| Remove unit from queue | 4 | |
| Right click | 1177 | |
| Select / deselect | 349 | |
| Select group hotkey | 780 | |
| Use ability | 243 | |
2777 total
» units
| Peon | 14 | |
| Grunt | 3 | |
| Goblin Shredder | 5 | |
| Wind Rider | 4 | |
| Goblin Zeppelin | 1 | |
| Troll Batrider | 6 | |
| Raider | 6 | |
| Mortar Team | 2 | |
| Siege Engine | 2 | |
43 total
» upgrades
| Ranged Weapons | 2 | |
| Reinforced Defenses | 1 | |
| Liquid Fire | 1 | |
| Envenomed Spears | 1 | |
| Ensnare | 1 | |
| Armor | 2 | |
| Melee Weapons | 2 | |
| Pillage | 1 | |
| Barrage | 1 | |
12 total
» buildings
| Altar of Storms | 1 | |
| Orc Burrow | 6 | |
| Barracks | 1 | |
| Voodoo Lounge | 1 | |
| Stronghold | 2 | |
| War Mill | 3 | |
| Great Hall | 4 | |
| Watch Tower | 48 | |
| Fortress | 2 | |
| Beastiary | 3 | |
71 total
» build order
00:06 Altar of Storms
00:15 Orc Burrow
00:37 Barracks
01:23 Orc Burrow
01:55 Voodoo Lounge
03:18 Stronghold
03:18 Stronghold
03:39 War Mill
04:09 Great Hall
05:42 Watch Tower
05:43 Watch Tower
05:58 Orc Burrow
06:04 Watch Tower
06:10 Watch Tower
06:56 Fortress
06:56 Fortress
07:26 Beastiary
07:27 Beastiary
08:38 Beastiary
08:51 Watch Tower
08:58 Watch Tower
08:59 Watch Tower
08:59 Watch Tower
09:00 Watch Tower
11:33 War Mill
11:43 Great Hall
11:54 Watch Tower
12:10 Watch Tower
12:33 Orc Burrow
12:34 Orc Burrow
13:18 War Mill
13:21 Watch Tower
13:26 Watch Tower
13:52 Watch Tower
14:52 Watch Tower
14:56 Watch Tower
15:01 Watch Tower
15:14 Watch Tower
16:08 Watch Tower
17:06 Watch Tower
17:13 Watch Tower
19:26 Watch Tower
19:26 Watch Tower
21:15 Watch Tower
21:15 Watch Tower
21:45 Watch Tower
23:41 Watch Tower
23:41 Watch Tower
23:41 Watch Tower
23:42 Watch Tower
23:42 Watch Tower
23:43 Watch Tower
23:43 Watch Tower
24:27 Watch Tower
25:03 Watch Tower
25:03 Watch Tower
25:04 Watch Tower
27:01 Orc Burrow
29:40 Great Hall
29:42 Watch Tower
29:43 Watch Tower
29:43 Watch Tower
29:43 Watch Tower
30:17 Watch Tower
30:17 Watch Tower
30:17 Watch Tower
32:33 Great Hall
32:36 Watch Tower
32:36 Watch Tower
32:37 Watch Tower
32:38 Watch Tower
» items
| Healing Salve | 1 | |
| Staff of Teleportation | 1 | |
| Scroll of Town Portal | 4 | |
| Scroll of Healing | 3 | |
| Potion of Lesser Invulnerability | 1 | |
10 total
Rezinhit (
orange | 124 APM | 2460 actions | 19:51)
5 Warden
2 Shadow Strike
3 Fan of Knives
4 Keeper of the Grove
2 Entangling Roots
2 Thorns Aura
» actions
| Assign group hotkey | 24 | |
| Basic commands | 54 | |
| Build / train | 82 | |
| Enter build submenu | 17 | |
| Enter hero's abilities submenu | 12 | |
| Give item / drop item | 5 | |
| Remove unit from queue | 1 | |
| Right click | 1308 | |
| Select / deselect | 435 | |
| Select group hotkey | 384 | |
| Use ability | 138 | |
2460 total
» units
| Wisp | 25 | |
| Archer | 5 | |
| Dryad | 8 | |
| Druid of the Claw | 5 | |
| Hippogryph | 1 | |
44 total
» upgrades
| Ultravision | 1 | |
| Abolish Magic | 1 | |
| Druid of the Claw Training | 2 | |
| Reinforced Hides | 1 | |
| Nature's Blessing | 1 | |
| Strength of the Wild | 1 | |
7 total
» buildings
| Altar of Elders | 1 | |
| Moon Well | 7 | |
| Ancient of War | 1 | |
| Tree of Life | 1 | |
| Tree of Ages | 1 | |
| Hunter's Hall | 1 | |
| Ancient of Lore | 2 | |
| Ancient of Wonders | 1 | |
| Tree of Eternity | 1 | |
| Ancient of Wind | 2 | |
18 total
» build order
00:07 Altar of Elders
00:24 Moon Well
00:34 Ancient of War
01:38 Moon Well
03:31 Tree of Life
03:52 Tree of Ages
03:53 Moon Well
04:36 Hunter's Hall
05:34 Moon Well
07:03 Ancient of Lore
07:05 Ancient of Lore
07:08 Moon Well
07:15 Ancient of Wonders
07:16 Tree of Eternity
14:53 Ancient of Wind
14:54 Ancient of Wind
16:48 Moon Well
16:48 Moon Well
» items
| Staff of Preservation | 1 | |
| Potion of Healing | 1 | |
| Scroll of Town Portal | 1 | |
| Boots of Speed | 1 | |
| Potion of Lesser Invulnerability | 2 | |
| Dust of Appearance | 1 | |
| Staff of Teleportation | 1 | |
| Scroll of Healing | 1 | |
| Lesser Clarity Potion | 4 | |
| Potion of Mana | 1 | |
| Orb of Venom | 1 | |
15 total
babysmacker (
pink | 50 APM | 166 actions | 03:18)
1 Archmage
1 Summon Water Elemental
» actions
| Build / train | 12 | |
| Enter build submenu | 10 | |
| Enter hero's abilities submenu | 1 | |
| Right click | 92 | |
| Select / deselect | 43 | |
| Use ability | 8 | |
166 total
» units
» buildings
| Altar of Kings | 1 | |
| Barracks | 1 | |
| Farm | 1 | |
| Lumber Mill | 3 | |
| Scout Tower | 2 | |
| Guard Tower | 2 | |
10 total
» build order
00:08 Altar of Kings
00:10 Barracks
00:23 Farm
00:53 Lumber Mill
01:00 Lumber Mill
01:09 Lumber Mill
01:28 Scout Tower
02:06 Scout Tower
02:28 Guard Tower
02:55 Guard Tower
Chat log
(00:22 / Allies) whereisthelove: 100?
(00:40 / Allies) whereisthelove: ty
(00:44 / Allies) DIEBUDDIE: yw
(00:54 / All) BE-NICE-OBBY: selena isn't still dating the beebs is she
(01:07 / All) t(=-=t): what do you mean
(01:09 / All) DIEBUDDIE: NOPE SHES SUCKING MY DICK
(01:22 / All) t(=-=t): what do u mean when u nod ur head yeah but tell me to go what do u mean
(01:22 / All) DIEBUDDIE: ACTUALLY NO SHES NOT IM HOME ALONE PLAYING A 15 YEAR OLD GAME :(
(01:49 / All) t(=-=t): War3 > chess
(02:05 / All) t(=-=t): Chess is autistic and slavish remembrance of flow charts
(02:19 / All) t(=-=t): war3 is true creativity, the game of geniuses
(02:19 / All) DIEBUDDIE: except in chess you dont have FAGGOTS on your team
(02:37 / Allies) Selena_Gomez: kill
(02:42 / All) DIEBUDDIE: because the only people that play this game are FAGGOTS
(02:49 / Allies) Selena_Gomez: hurry
(02:49 / All) DIEBUDDIE: CASE IN POINT PINK
(03:41 / All) DIEBUDDIE: LIKE I SAID. FAGGOTS
(03:58 / All) BE-NICE-OBBY: lagging all game
(04:04 / All) DIEBUDDIE: 15 YEARS PASS AND YOU FAGGOTS STILL LAG
(05:02 / All) t(=-=t): gtfo
(05:02 / All) KingOf4sRT: lucky as fuck noob
(05:16 / All) t(=-=t): talent and skill homie
(05:26 / All) KingOf4sRT: yeah like 1/4 item drop all talent ...
(05:30 / All) KingOf4sRT: dumbass
(05:37 / All) t(=-=t): wrecked
(05:56 / Allies) DIEBUDDIE: YALL REALIZE THERES 4 OF THEM DOWN HERE RIGHT?
(06:13 / Allies) Selena_Gomez: tp
(06:20 / Allies) Selena_Gomez: yellow
(06:30 / All) KingOf4sRT: sup
(06:45 / All) KingOf4sRT: sup nerd
(06:55 / All) t(=-=t): you need help I did it alone pussy
(07:04 / All) KingOf4sRT: Help? lol pink left
(07:14 / All) t(=-=t): orange did it pussy
(07:30 / Allies) DIEBUDDIE: TY
(07:35 / Allies) t(=-=t): lumber pelase
(07:50 / Allies) whereisthelove: omw
(07:51 / Allies) t(=-=t): lumber pelase
(07:54 / Allies) whereisthelove: 100
(08:07 / Allies) whereisthelove: g plz
(08:54 / Allies) t(=-=t): green
(08:56 / Allies) t(=-=t): hook me up with wood
(09:08 / Allies) t(=-=t): thanks bud
(09:54 / Allies) DIEBUDDIE: DUDE
(10:04 / Allies) DIEBUDDIE: I LIKE U BUT DAMN
(10:45 / Allies) Selena_Gomez: help
(10:46 / Allies) Selena_Gomez: wtf
(11:11 / Allies) Selena_Gomez: help
(11:17 / Allies) Selena_Gomez: omg
(11:26 / Allies) Selena_Gomez: green wtf wake up
(11:48 / Allies) t(=-=t): come on green
(11:51 / Allies) Selena_Gomez: wtf is with green
(13:14 / Allies) DIEBUDDIE: SORRY IM A PUSSY NOW THAT IM ON END AND THEY ATTACKED
(14:29 / Allies) DIEBUDDIE: RED 100W PLZ
(14:35 / Allies) DIEBUDDIE: U ABOUT TO BE DROWINING IN WOOD
(15:21 / Allies) t(=-=t): lets hit bottom green
(15:28 / Allies) DIEBUDDIE: K
(15:33 / Allies) DIEBUDDIE: OH FUCK
(16:03 / Allies) t(=-=t): back
(16:09 / Allies) whereisthelove: care bats
(16:31 / Allies) DIEBUDDIE: GJ RUNNING AWAY MID FIGHT RED
(16:46 / Allies) t(=-=t): I said back
(16:48 / Allies) DIEBUDDIE: JUST TO STEAL ALL MY WELLS
(17:49 / Allies) t(=-=t): help
(17:58 / Allies) t(=-=t): green did you have tp
(18:08 / Allies) DIEBUDDIE: WHAT
(18:10 / Allies) DIEBUDDIE: WHY
(18:15 / Allies) t(=-=t): I said b like 15 seconds before your hero died
(18:16 / Allies) whereisthelove: someone
(18:19 / Allies) DIEBUDDIE: I NEVER SAW MSG
(18:43 / Allies) Selena_Gomez: kill main
(19:32 / Allies) DIEBUDDIE: WOOD PLZ
(19:42 / All) KingOf4sRT: if purple listens this is win in green's main instead retards up
(20:02 / All) DIEBUDDIE: THAT NEVER WOULD HAVE WORKED
(20:41 / All) t(=-=t): he logged out
(20:46 / All) t(=-=t): scared of the shit talk
(22:45 / All) whereisthelove: MH SEEMS STRONG IN THIS ONE
(25:35 / Allies) Selena_Gomez: tp
(25:38 / Allies) DIEBUDDIE: THIS NIGGA GOTTA GO
(25:44 / Allies) Selena_Gomez: tp
(25:48 / Allies) Selena_Gomez: top
(25:50 / Allies) Selena_Gomez: tp
(26:02 / Allies) DIEBUDDIE: MASS TANKS
(26:05 / Allies) DIEBUDDIE: WE'LL FOLLOW
(26:07 / Allies) DIEBUDDIE: THEN WIN
(27:40 / All) whereisthelove: UMH SO HARD
(27:41 / All) whereisthelove: PURPLE
(27:41 / All) whereisthelove: LOL
(27:49 / All) BE-NICE-OBBY: skill not mh
(27:58 / All) whereisthelove: so u go into fog
(28:00 / All) whereisthelove: for my wyrms
(28:01 / All) whereisthelove: K
(30:05 / All) BE-NICE-OBBY: damn u guys suck
(30:11 / All) Selena_Gomez: lol
(30:57 / All) whereisthelove: Lol
(31:01 / All) whereisthelove: so obvious mh
(31:02 / All) whereisthelove: noob
(31:10 / All) BE-NICE-OBBY: im actually not mhing lawl
(31:16 / All) whereisthelove: yeah riught my dick
(31:42 / All) t(=-=t): damn purple is 1v4 us
(31:55 / All) t(=-=t): ur good purple want to AT after?
(32:00 / All) BE-NICE-OBBY: sure
(32:02 / All) BE-NICE-OBBY: ur not bad, red
(32:07 / All) t(=-=t): thx had newb team
(32:08 / All) BE-NICE-OBBY: not bad at all
(36:03 / All) t(=-=t): IT'S ALL OVER
(36:07 / All) t(=-=t): COME TO THE PAVILION
(36:10 / All) t(=-=t): EVERYBODY COME TO THE PAVILION
(37:36 / All) t(=-=t): any last words, teal?
(37:49 / All) t(=-=t): teal don't wanna talk
(37:51 / All) t(=-=t): stuck up biath
(37:59 / All) t(=-=t): no wonder the biebs dumps ur ass
(38:20 / All) t(=-=t): 10
(38:21 / All) t(=-=t): 9
(38:22 / All) t(=-=t): 8
(38:23 / All) t(=-=t): 7
(38:24 / All) t(=-=t): 6
(38:25 / All) t(=-=t): 5
(38:26 / All) t(=-=t): 4
(38:27 / All) t(=-=t): 3
(38:28 / All) t(=-=t): 2
(38:28 / All) t(=-=t): 1